 Dungeon Crawl Stone Soup version 0.19.4-8-ga85b6b9 (console) character file.

107 Grinner the Twirler (level 4, -7/38 HPs)
             Began as a Minotaur Gladiator on Feb 15, 2017.
             Killed by divine providence
             ... invoked by an orc priest
              (14 damage)
             ... on level 3 of the Dungeon.
             The game lasted 00:02:05 (1104 turns).

Grinner the Twirler (Minotaur Gladiator)            Turns: 1104, Time: 00:02:05

Health: -7/38      AC:  3    Str: 19    XL:     4   Next: 57%
Magic:  3/3        EV: 13    Int:  3    God:
Gold:   66         SH:  0    Dex: 12    Spells: 0 memorised, 3 levels left

rFire  . . .     SeeInvis .     a - +0 quarterstaff
rCold  . . .     Gourm    .     b - +0 leather armour
rNeg   . . .     Faith    .     (shield currently unavailable)
rPois  .         Spirit   .     c - +0 hat
rElec  .         Reflect  .     (no cloak)
rCorr  .         Harm     .     (no gloves)
MR     .....                    (no boots)
Stlth  ++........               (no amulet)
                                i - ring of stealth
                                e - -2 ring of intelligence (curse)

@: no status effects
A: retaliatory headbutt, horns 2
a: no special abilities


You were on level 3 of the Dungeon.
You were not hungry.

You visited 1 branch of the dungeon, and saw 4 of its levels.

You collected 66 gold pieces.

Inventory:

Hand Weapons
 a - a +0 quarterstaff (weapon)
Missiles
 d - 4 throwing nets (quivered)
Armour
 b - a +0 leather armour (worn)
 c - a +0 hat (worn)
Jewellery
 e - a cursed -2 ring of intelligence (left hand)
 i - a ring of stealth (right hand)
Scrolls
 g - a scroll of blinking {unknown}
 h - 2 scrolls of identify {unknown}
 j - a scroll of fear {unknown}
 m - 2 scrolls of magic mapping {unknown}
 n - a scroll of noise {unknown}
 o - 2 scrolls of amnesia {unknown}
 t - a scroll of random uselessness {unknown}
Potions
 p - a potion of agility {unknown}
 q - a potion of cancellation {unknown}
 r - a potion of heal wounds {unknown}
Comestibles
 f - a bread ration
 l - 2 meat rations
 s - 2 chunks of flesh


   Skills:
 + Level 3.3 Fighting
 * Level 4.6 Staves
 - Level 2.0 Throwing
 + Level 4.1 Dodging
 * Level 2.1 Unarmed Combat


You had 3 spell levels left.
You didn't know any spells.

Dungeon Overview and Level Annotations

Branches:
Dungeon (4/15)
 Temple: D:4-7

Altars:


Innate Abilities, Weirdness & Mutations

You reflexively headbutt those who attack you in melee.
You have a pair of horns on your head.


Message History

The orc freezes you.
You closely miss the orc. Your headbutt misses the orc. The orc hits you.
* * * LOW HITPOINT WARNING * * *
The orc barely misses you.
You are too injured to fight recklessly!
You are too injured to fight recklessly!
You are too injured to fight recklessly!
You are too injured to fight recklessly!
You are too injured to fight recklessly!
You are too injured to fight recklessly!
You are too injured to fight recklessly!
You are too injured to fight recklessly!
You are too injured to fight recklessly!
You are too injured to fight recklessly!
It was a potion of cure mutation.
It has a very clean taste.
The orc hits you.
* * * LOW HITPOINT WARNING * * *
The orc completely misses you.
The orc priest invokes the aid of Beogh against you.
Beogh smites you!
You die...

#.###########.#.##.. #.#
#.#.#... #.# #.#.#.##
#.# #.#.#.## #.###
####....... #...#
#.....##.## ###.#
#.##...#.# #.#
#.........# #@#
#..##.....#
.......[o......###......
..##.##o######.# #....##
# #o# #.# #..#.#


ooo ... ..#.# #go #.# .o. #.## You could see 2 orc priests, 6 orcs and a goblin.

Vanquished Creatures
  An orc priest (D:3)
  An adder (D:2)
  2 worms (D:2)
  A dart slug (D:2)
  2 leopard geckos
  3 orcs (D:3)
  3 giant cockroaches
  4 hobgoblins
  6 jackals
  3 kobolds
  2 quokkas (D:2)
  A ball python (D:3)
  5 bats
  9 frilled lizards (D:2)
  8 goblins
  6 rats
57 creatures vanquished.

Notes
Turn   | Place    | Note
-------+----------+-------------------------------------------
     0 | D:1      | Grinner the Minotaur Gladiator began the quest for the Orb.
     0 | D:1      | Reached XP level 1. HP: 18/18 MP: 0/0
   117 | D:1      | Reached XP level 2. HP: 25/25 MP: 1/1
   388 | D:1      | Reached skill level 1 in Unarmed Combat
   598 | D:2      | Reached XP level 3. HP: 30/30 MP: 2/2
   885 | D:2      | Reached XP level 4. HP: 29/38 MP: 3/3
  1029 | D:2      | You fall through a shaft for 2 floors!
  1104 | D:3      | Killed from afar by an orc priest

Skill      XL: |  1  2  3  4 |
---------------+-------------+-----
Staves         | 4 |  4.6
Unarmed Combat | 1 2 |  2.1
Fighting       | 3 |  3.3
Dodging        | 4 |  4.1
Throwing       | |  2.0

Action                   |  1- 3 |  4- 6 || total
-------------------------+-------+-------++-------
Melee: Quarterstaff      |    79 |    25 ||   104
       Headbutt          |     9 |     3 ||    12
  Use: Potion            |       |     1 ||     1
 Stab: Sleeping          |     5 |     2 ||     7
  Eat: Chunk             |       |     1 ||     1
Armor: Leather armour    |    21 |     6 ||    27
Dodge: Dodged            |    41 |    19 ||    60
